 Dungeon Crawl Stone Soup version 0.19.0-19-g8c6edcc (webtiles) character file.

490 Gargoyl the Distorting Demonspawn (level 6, -2/48 HPs)
             Began as a Demonspawn Abyssal Knight on Nov 16, 2016.
             Was a Believer of Lugonu.
             Killed from afar by Dowan (20 damage)
             ... with a shard of ice
             ... on level 4 of the Dungeon.
             The game lasted 00:07:17 (4218 turns).

Gargoyl the Distorting Demonspawn (DsAK)            Turns: 4218, Time: 00:07:17

Health: -2/48      AC: 11    Str: 19    XL:     6   Next: 90%
Magic:  10/10      EV:  6    Int: 14    God:    Lugonu [**....]
Gold:   261        SH:  0    Dex: 12    Spells: 0 memorised, 5 levels left

rFire  . . .     SeeInvis .     a - +1 hand axe
rCold  . . .     Gourm    .     e - +0 plate armour
rNeg   . . .     Faith    .     (no shield)
rPois  .         Spirit   .     (helmet restricted)
rElec  .         Reflect  .     (no cloak)
rCorr  .         Harm     .     (no gloves)
MR     .....                    (no boots)
Stlth  ..........               (no amulet)
                                (no ring)
                                (no ring)

@: mighty
A: antennae 1, foul stench 1, rot immunity
a: Depart the Abyss, Bend Space, Renounce Religion


You were on level 4 of the Dungeon.
You worshipped Lugonu.
Lugonu was pleased with you.
You were not hungry.

You visited 1 branch of the dungeon, and saw 4 of its levels.
You visited the Abyss 1 time.

You collected 261 gold pieces.

Inventory:

Hand Weapons
 a - a +1 hand axe (weapon)
Missiles
 f - 10 tomahawks (quivered)
Armour
 e - a +0 plate armour (worn)
Jewellery
 r - an uncursed amulet of guardian spirit {unknown}
Wands
 b - a wand of paralysis (21/24)
Scrolls
 i - 3 scrolls of fear {unknown}
 j - a scroll of random uselessness {unknown}
 o - 3 scrolls of magic mapping {unknown}
 p - 3 scrolls of remove curse {unknown}
 q - 2 scrolls of enchant weapon {unknown}
 s - a scroll of immolation {unknown}
 t - a scroll of enchant armour {unknown}
 u - a scroll of identify {unknown}
Potions
 d - a potion of flight {unknown}
 g - a potion of might
 k - a potion of berserk rage {unknown}
 m - a potion of ambrosia {unknown}
 n - a potion of lignification {unknown}
 v - a potion of mutation {unknown}
 z - a potion of haste {unknown}
Comestibles
 c - 4 bread rations
 h - 3 meat rations
 w - 2 chunks of flesh
 x - a slice of pizza


   Skills:
 + Level 3.7 Fighting
 + Level 3.7 Axes
 + Level 0.6 Throwing
 * Level 4.0 Armour
 + Level 1.2 Dodging
 * Level 5.5 Invocations


You had 5 spell levels left.
You didn't know any spells.

Dungeon Overview and Level Annotations

Branches:
Dungeon (4/15)
 Temple: D:4-7

Altars:

Annotations:
D:4 Dowan


Innate Abilities, Weirdness & Mutations

You have a pair of small antennae on your head.
You may emit foul miasma when damaged in melee.
You are immune to rotting.


Message History

Dowan hits you but does no damage.
You feel better.
Dowan hits you with an enchanted dagger.
You closely miss Dowan.
Dowan is lightly wounded.
Dowan hits you but does no damage. x2
You slash Dowan!
Dowan is moderately wounded.
Dowan casts a spell.
Dowan blinks!
Dowan says, "Her death will not be in vain!"
Dowan gestures wildly while chanting.
Dowan blinks!
Dowan casts a spell.
Dowan blinks!
You slash Dowan!
Dowan is almost dead.
Dowan casts a spell at you. The shard of ice hits you!
You die...

##################
##....##....##....####
#....................#
#....................#
#....................#
######...................#
.##...##...................#
>......).......e...........#
................@..........#
...[..##...###..#########.##
+##...####+###..####...##########
#...# #....)†...............
...... #....)))..............
.e..... #.....................
........ #....................<
.####.## ##########..##..##...# .
### #####..####+#


You could see Dowan.

Vanquished Creatures
  Duvessa (D:4)
  An ogre (D:4)
  An orc wizard (D:3)
  An orc priest (D:3)
  2 worker ants (D:4)
  Robin (D:4)
  A howler monkey skeleton (D:4)
  5 adders
  2 oozes
  4 worms
  4 leopard geckos
  18 orcs
  3 giant cockroaches
  12 goblins
  10 hobgoblins
  3 jackals
  3 quokkas (D:4)
  A ball python (D:3)
  9 bats
  6 frilled lizards
  8 kobolds
  14 rats
110 creatures vanquished.

Notes
Turn   | Place    | Note
-------+----------+-------------------------------------------
     0 | Abyss:1  | Gargoyl the Demonspawn Abyssal Knight began the quest for the Orb.
     0 | Abyss:1  | Reached XP level 1. HP: 18/18 MP: 2/2
    36 | Abyss:2  | Noticed a starcursed mass
    59 | Abyss:2  | Noticed a large abomination
    63 | Abyss:2  | Noticed a thrashing horror
    63 | Abyss:2  | Noticed a tentacled starspawn
    64 | Abyss:2  | Noticed a hellwing
    65 | D:1      | Escaped the Abyss
   177 | D:1      | Gained mutation: You are immune to rotting. [demonic ancestry]
   177 | D:1      | Reached XP level 2. HP: 21/24 MP: 3/3
   449 | D:1      | Reached * piety under Lugonu
   620 | D:1      | Reached skill level 3 in Invocations
   750 | D:1      | Gained mutation: You may emit foul miasma when damaged in melee. [demonic ancestry]
   750 | D:1      | Reached XP level 3. HP: 28/29 MP: 5/5
  1289 | D:2      | Reached skill level 1 in Dodging
  1871 | D:3      | Reached XP level 4. HP: 26/35 MP: 6/6
  1989 | D:3      | Reached ** piety under Lugonu
  2525 | D:3      | Reached skill level 4 in Invocations
  2525 | D:3      | Reached XP level 5. HP: 27/41 MP: 6/8
  3446 | D:4      | Noticed an ogre
  3464 | D:4      | Killed an ogre
  3464 | D:4      | Gained mutation: You have a pair of small antennae on your head. [demonic ancestry]
  3464 | D:4      | Reached XP level 6. HP: 10/47 MP: 9/9
  4107 | D:4      | Noticed Robin
  4113 | D:4      | Reached skill level 5 in Invocations
  4121 | D:4      | Killed Robin
  4180 | D:4      | Noticed Dowan
  4181 | D:4      | Noticed Duvessa
  4200 | D:4      | Killed Duvessa
  4218 | D:4      | Killed from afar by Dowan

Skill      XL: |  1  2  3  4  5  6 |
---------------+-------------------+-----
Armour         | 2 3 4 |  4.0
Axes           | 2 3 |  3.7
Invocations    | 3 4 5 |  5.5
Dodging        | 1 |  1.2
Fighting       | |  3.7
Throwing       | |  0.6

Action                   |  1- 3 |  4- 6 || total
-------------------------+-------+-------++-------
Melee: Hand axe          |   174 |   255 ||   429
Throw: Tomahawk          |    17 |     9 ||    26
Invok: Depart the Abyss  |     1 |       ||     1
  Use: Potion            |       |     5 ||     5
  Eat: Chunk             |     3 |     8 ||    11
Armor: Plate armour      |   203 |   242 ||   445
Dodge: Dodged            |    36 |    63 ||    99
